 Dungeon Crawl Stone Soup version 0.31-a0-1009-g454b1f1e0a (webtiles) character file.

Game seed: 3557268853065883495

1278 CrazyBamboolord the Shooter (level 8, -3/57 HPs)
             Began as a Formicid Hunter on Nov 15, 2023.
             Was a Follower of Hepliaklqana.
             Shot with an arrow by a centaur (17 damage)
             ... on level 6 of the Dungeon.
             The game lasted 00:09:39 (4757 turns).

CrazyBamboolord the Shooter (Formicid Hunter)       Turns: 4757, Time: 00:09:40

Health: -3/57      AC:  6    Str: 15    XL:     8   Next: 84%
Magic:  10/10      EV: 14    Int: 10    God:    Hepliaklqana [*.....]
Gold:   250        SH:  0    Dex: 19    Spells: 7/7 levels left

rFire   . . .        a - +0 shortbow
rCold   . . .        (no shield)
rNeg    + . .        c - +0 leather armour
rPois   .            (helmet unavailable)
rElec   .            e - +1 cloak {Stlth+}
rCorr   .            (no gloves)
SInv    +            o - +0 pair of boots
Will    .....        (no amulet)
Stlth   ++++         f - ring of positive energy
HPRegen 0.29/turn    (no ring)
MPRegen 0.12/turn

%: no passive effects
@: no status effects
A: reduced essence, permanent stasis, dig shafts and tunnels, antennae 3, four
strong arms
a: Dig, Shaft Self, Renounce Religion, Recall Ancestor, Ancestor Identity


You were on level 6 of the Dungeon.
You worshipped Hepliaklqana.
Hepliaklqana was aware of your devotion.
You visited 2 branches of the dungeon, and saw 7 of its levels.

You collected 250 gold pieces.

Inventory:

Hand Weapons
 a - a +0 shortbow (weapon)
Armour
 c - a +0 leather armour (worn)
 e - a +1 cloak of stealth (worn)
 o - a +0 pair of boots (worn)
Jewellery
 f - a ring of positive energy (left hand)
 p - an amulet of faith
Wands
 k - a wand of flame (28)
Scrolls
 d - a scroll of fog
 g - a scroll of noise {unknown}
 h - a scroll of brand weapon
 j - a scroll of poison
 l - a scroll of enchant armour {unknown}
 n - a scroll of fear {unknown}
 q - a scroll of blinking {unknown}
Potions
 b - 2 potions of curing
 i - 2 potions of might
 m - a potion of invisibility {unknown}


   Skills:
 * Level 6.2 Fighting
 * Level 6.5 Ranged Weapons
 * Level 4.9 Dodging
 + Level 4.9 Stealth
 + Level 2.8 Invocations


You had 7 spell levels left.
You didn't know any spells.
Your spell library contained the following spells:

 Spells                   Type           Power      Damage    Failure   Level
 Ozocubu's Armour         Ice            0%         N/A       80%         3
 Summon Forest            Summ/Tloc      0%         N/A       100%        5
 Eringya's Noxious Bog    Tmut/Pois      0%         4d6       100%        6
 Ozocubu's Refrigeration  Ice            0%         4d7       100%        7
 Summon Hydra             Summ           0%         N/A       100%        7


Dungeon Overview and Level Annotations

Branches:
Dungeon (6/15)             Temple (1/1) D:4

Altars:
Cheibriados
Dithmenos
Elyvilon
Fedhas
Hepliaklqana
Kikubaaqudgha
Makhleb
Nemelex Xobeh
Okawaru
Qazlal
Ru
Sif Muna
Trog
Uskayaw
Vehumet
Wu Jian
Xom
Yredelemnul
The Shining One

Shops:
D:5 *


Innate Abilities, Weirdness & Mutations

Your life essence is reduced to manifest your ancestor. (-10% HP)
You cannot be hasted, slowed, berserked, paralysed or teleported.
You can dig through walls and to a lower floor.
You have a pair of large antennae on your head. (SInv)
Your four strong arms can wield two-handed weapons with a shield.


Message History

You shoot an arrow.
The arrow hits the centaur but does no damage.
The centaur is moderately wounded.
The centaur shoots an arrow.
The arrow closely misses you.
The centaur shoots an arrow.
The arrow barely misses you.
You shoot an arrow. The arrow closely misses the centaur.
You shoot an arrow. The arrow barely misses the centaur.
The centaur shoots an arrow.
The arrow barely misses you.
The centaur shoots an arrow.
The arrow hits you!
You shoot an arrow. Busisiwe avoids your attack.
The arrow hits the centaur but does no damage.
The centaur is moderately wounded.
The centaur shoots an arrow.
The arrow hits Busisiwe!
The centaur shoots an arrow.
The arrow hits Busisiwe!
You shoot an arrow. Busisiwe avoids your attack.
The arrow hits the centaur.
The centaur is heavily wounded.
The centaur shoots an arrow.
The arrow barely misses Busisiwe.
The arrow hits you!
You shoot an arrow. Busisiwe avoids your attack.
The arrow barely misses the centaur.
The centaur shoots an arrow.
The arrow hits Busisiwe!
Busisiwe is destroyed!
The centaur shoots an arrow.
The arrow hits you.
You are too injured to fight recklessly!
Fire: a) +0 shortbow
Press: ? - help, Q - select action, (/) - cycle Shift-Dir - straight line, f/p - centaur
Aim: a centaur, wielding a +0 orcbow (heavily wounded, 76% to hit)
You shoot an arrow. The arrow hits the centaur.
The centaur is severely wounded.
The centaur shoots an arrow.
The arrow hits you.
The centaur shoots an arrow.
The arrow barely misses you.
Fire: a) +0 shortbow
Press: ? - help, Q - select action, (/) - cycle Shift-Dir - straight line, f/p - centaur
Aim: a centaur, wielding a +0 orcbow (severely wounded, 76% to hit)
You shoot an arrow. The arrow hits the centaur.
The centaur is almost dead.
The centaur shoots an arrow.
The arrow hits you!
* * * LOW HITPOINT WARNING * * *
The centaur shoots an arrow.
The arrow hits you!
You die...

# .#
.#########.#####
................
#.@...# .P...#
#.#.<.# h....
#.#.#.#.. ....#
###'#......
,...######.....#.
...
........'.....##?
..
#.#######......+.c
. #.# #....### ..
#†# #....#


You could see a centaur.

Vanquished Creatures
  2 ice beasts
  2 black bears (D:6)
  Blork the orc (D:5)
  A bullfrog (D:6)
  3 scorpions
  4 wights (D:5)
  2 hounds (D:4)
  2 jellies (D:5)
  Crazy Yiuf (D:4)
  An iguana (D:4)
  2 orc wizards
  5 adders
  2 ufetubi (D:6)
  A worm (D:3)
  3 dart slugs
  10 orcs
  6 bats
  6 endoplasms
  A giant cockroach (D:2)
  7 hobgoblins
  9 jackals
  7 kobolds
  3 quokkas
  5 ball pythons
  5 frilled lizards
  6 goblins
  8 rats
105 creatures vanquished.

Vanquished Creatures (collateral kills)
  A jelly (D:6)
  An adder (D:6)
2 creatures vanquished.

Vanquished Creatures (others)
  4 ancestors (D:6)
4 creatures vanquished.

Grand Total: 111 creatures vanquished

Notes
Turn   | Place    | Note
-------+----------+-------------------------------------------
     0 | D:1      | CrazyBamboolord the Formicid Hunter began the quest for the
                  | Orb.
     0 | D:1      | Reached XP level 1. HP: 16/16 MP: 1/1
    93 | D:1      | Reached XP level 2. HP: 21/23 MP: 2/2
   120 | D:1      | Reached XP level 3. HP: 26/28 MP: 3/3
   913 | D:2      | Found a sparkling altar of Nemelex Xobeh.
  1203 | D:2      | Reached XP level 4. HP: 35/35 MP: 4/4
  1832 | D:3      | Reached XP level 5. HP: 10/41 MP: 5/5
  2313 | D:4      | Reached XP level 6. HP: 48/48 MP: 6/6
  2348 | D:4      | Reached skill level 5 in Ranged Weapons
  2559 | D:4      | Found a basalt altar of Yredelemnul.
  2819 | D:4      | Found a runed translucent door.
  2820 | D:4      | Noticed Crazy Yiuf
  2840 | D:4      | Found a staircase to the Ecumenical Temple.
  2871 | Temple   | Entered the Ecumenical Temple
  2880 | Temple   | Became a worshipper of Hepliaklqana the Forgotten
  3072 | D:4      | Killed Crazy Yiuf
  3248 | D:5      | Entered Level 5 of the Dungeon
  3293 | D:5      | Reached XP level 7. HP: 30/55 MP: 7/7
  3504 | D:5      | Reached skill level 1 in Invocations
  3577 | D:5      | Reached skill level 5 in Fighting
  3770 | D:5      | Found Pair's Mayhem Merchandise.
  3971 | D:5      | Reached XP level 8. HP: 50/62 MP: 9/9
  4037 | D:5      | Noticed Blork the orc
  4045 | D:5      | Killed Blork the orc
  4289 | D:5      | Found a shimmering blue altar of Sif Muna.
  4364 | D:6      | Reached * piety under Hepliaklqana
  4525 | D:6      | Found a sparkling altar of Nemelex Xobeh.
  4757 | D:6      | Shot with an arrow by a centaur

Illustrated notes

Levels and vault maps discovered:
D:1:      denvon_arrival_hothouse, layout_basic, wad_floor_pattern_2
D:2:      layout_loops_ring, basic_altar, minmay_pentomino_v2
D:3:      layout_rooms
D:4:      layout_cave_pools, mainiacjoe_overflow_brackets,
          minmay_temple_entry_enclosed_plants, hangedman_abyss_or_decor_stabs,
          uniq_crazy_yiuf_cottage
D:5:      layout_cave_pools, lemuel_blue_sif_altar, minmay_shop_mayhem,
          nicolae_figureground_pulse, uniq_blork_the_orc
D:6:      cheibrodos_barr_body, layout_basic, mainiacjoe_overflow_catch_the_wave
Temple:   nicolae_temple_superstar

Skill      XL: |  1  2  3  4  5  6  7  8 |
---------------+-------------------------+-----
Dodging        | 2 3 4 |  4.9
Stealth        | 2 3 4 |  4.9
Fighting       | 3 4 5 6 |  6.2
Ranged Weapons | 5 6 |  6.5
Invocations    | 1 2 |  2.8

Action                     |  1- 3 |  4- 6 |  7- 9 || total
---------------------------+-------+-------+-------++-------
   Fire: Shortbow          |   110 |   192 |   154 ||   456
Ability: Dig               |     4 |       |       ||     4
    Use: Scroll            |       |     9 |     1 ||    10
         Potion            |       |     4 |       ||     4
 Armour: Leather armour    |    30 |    67 |    49 ||   146
         Skin              |       |     5 |       ||     5
  Dodge: Dodged            |    49 |    48 |    55 ||   152

Table legend: (Time is in decaauts)
 A = Elapsed time spent in this place.
 B = Non-inter-level travel time spent in this place.
 C = Inter-level travel time spent in this place.
 D = Time resting spent in this place.
 E = Time spent auto-exploring this place.
 F = Levels seen in this place.
 G = Mean time per level.
                   A        B        C        D        E       F      G
               +--------+--------+--------+--------+--------+-----+--------+
         Total |   4841 |   4700 |    141 |    841 |   2921 |   7 |  691.6 |
       Dungeon |   4822 |   4689 |    133 |    841 |   2921 |   6 |  803.7 |
        Temple |     18 |     10 |      8 |      0 |      0 |   1 |   18.0 |
               +--------+--------+--------+--------+--------+-----+--------+

Top non-repeatable levels by time:
     D:5: 1093 daAuts
     D:4: 1077 daAuts
     D:1: 877 daAuts
     D:3: 680 daAuts
     D:2: 653 daAuts
     D:6: 440 daAuts
  Temple: 18 daAuts
